 Dungeon Crawl Stone Soup version 0.30-b1-2-g02819fbbbe (webtiles) character file.

Game seed: 2925663605047250703

11 Alarkh the Charlatan (level 2, 22/22 HPs)
             Began as a Demonspawn Artificer on Aug 18, 2023.
             Got out of the dungeon alive.
             The game lasted 00:00:37 (306 turns).

Alarkh the Charlatan (Demonspawn Artificer)          Turns: 306, Time: 00:00:38

Health: 22/22      AC:  3    Str: 12    XL:     2   Next: 17%
Magic:  2/2        EV: 11    Int: 12    God:
Gold:   9          SH:  0    Dex: 13    Spells: 1/1 levels left

rFire   . . .        a - +0 club
rCold   . . .        (no shield)
rNeg    . . .        b - +0 leather armour
rPois   .            (helmet restricted)
rElec   .            (no cloak)
rCorr   .            (no gloves)
SInv    .            (no boots)
Will    .....        (no amulet)
Stlth   +            (no ring)
HPRegen 0.23/turn    (no ring)
MPRegen 0.08/turn

%: no passive effects
@: no status effects
A: horns 1
a: no special abilities


You escaped.
You visited 1 branch of the dungeon, and saw 1 of its levels.

You collected 9 gold pieces.

Inventory:

Hand Weapons
 a - a +0 club (weapon)
Armour
 b - a +0 leather armour (worn)
Magical Staves
 f - a staff of air
Wands
 c - a wand of flame (13) (quivered)
 d - a wand of charming (13)
 e - a wand of iceblast (5)


   Skills:
 + Level 2.0 Fighting
 - Level 1.8 Armour
 - Level 1.0 Dodging
 - Level 1.0 Stealth
 - Level 3.0 Evocations


You had one spell level left.
You didn't know any spells.
Your spell library was empty.

Dungeon Overview and Level Annotations

Branches:
Dungeon (1/15)

Altars:


Innate Abilities, Weirdness & Mutations

You have a pair of small horns on your head.


Message History

Your demonic ancestry asserts itself...
A pair of horns grows on your head! The rat attacks as you move away!
The rat misses you.
You miss the frilled lizard.
Your headbutt misses the frilled lizard.
The frilled lizard bites you but does no damage.
You miss the frilled lizard.
Your headbutt misses the frilled lizard.
The frilled lizard barely misses you.
The rat twitches its whiskers.
The rat bites you. The frilled lizard closely misses you.
You closely miss the frilled lizard.
The frilled lizard bites you but does no damage.
The rat bites you but does no damage.
You barely miss the frilled lizard. The frilled lizard closely misses you.
The rat bites you but does no damage.
The frilled lizard attacks as you move away!
The frilled lizard barely misses you.
You hit the frilled lizard.
You kill the frilled lizard!
The rat bites you but does no damage.
You closely miss the rat. Your headbutt misses the rat. The rat bites you.
You hit the rat.
You kill the rat!
You barely miss the goblin. The goblin closely misses you.
The goblin hits you but does no damage.
You hit the goblin.
You kill the goblin!
Your Fighting skill increases to level 2!
No target in view!
Things that are here:
a +0 dagger; a rat corpse; a frilled lizard corpse
Things that are here:
a jackal corpse; a jackal corpse You see here a jackal corpse.
There is an open door here.
There is an open door here.
There is a staircase leading out of the dungeon here.
Are you sure you want to leave the Dungeon?
This will make you lose the game!
You have escaped!

#.#.##..##.#
+.#.#.##.#.#
#.#.##>#.#.#
#.##.###.#.#
#.###...##.#
#.# ######.#
##'## ##.##
#...# ##.##
#.@.# ##.##
#...###.##
##'###.##
......
#.##.##
......
#.#.######
......
#.#.##...##
.....##
#.#.#.###.##
......#
#.'.#.#>##.#
......#
#.#.#.##.#.#


There were no monsters in sight!

Vanquished Creatures
  3 goblins (D:1)
  A hobgoblin (D:1)
  A jackal (D:1)
  A kobold (D:1)
  2 frilled lizards (D:1)
  A rat (D:1)
9 creatures vanquished.

Vanquished Creatures (collateral kills)
  A jackal (D:1)
1 creature vanquished.

Vanquished Creatures (others)
  2 jackals (D:1)
2 creatures vanquished.

Grand Total: 12 creatures vanquished

Notes
Turn   | Place    | Note
-------+----------+-------------------------------------------
     0 | D:1      | Alarkh the Demonspawn Artificer began the quest for the
                  | Orb.
     0 | D:1      | Reached XP level 1. HP: 15/15 MP: 1/1
   157 | D:1      | Reached skill level 1 in Dodging
   157 | D:1      | Reached skill level 1 in Stealth
   258 | D:1      | Gained mutation: You have a pair of small horns on your
                  | head. [demonic ancestry]
   258 | D:1      | Reached XP level 2. HP: 20/22 MP: 2/2
   306 | D:$      | Got out of the dungeon alive.

Illustrated notes

Levels and vault maps discovered:
D:1:      roderic_lyre, layout_basic, minmay_misc_feat_rugged

Skill      XL: |  1  2 |
---------------+-------+-----
Dodging        | 1 |  1.0
Stealth        | 1 |  1.0
Fighting       | 2 |  2.0
Armour         | |  1.8
Evocations     | |  3.0

Action                     || total
---------------------------++-------
  Melee: Club              ||    31
  Evoke: Wand              ||     4
 Armour: Leather armour    ||    12
  Dodge: Dodged            ||    24
